 Dungeon Crawl Stone Soup version 0.28-a0-313-gbc0475efdd (webtiles) character file.

Game seed: 7650123270247523543

31 lunkers the Skirmisher (level 3, 0/34 HPs)
             Began as a Minotaur Cinder Acolyte on Aug 31, 2021.
             Was a High Priest of Ignis.
             Slain by an orc wizard (3 damage)
             ... on level 2 of the Dungeon.
             The game lasted 00:01:07 (1193 turns).

lunkers the Skirmisher (Minotaur Cinder Acolyte)    Turns: 1193, Time: 00:01:07

Health: 0/34       AC:  3    Str: 20    XL:     3   Next: 7%
Magic:  1/3        EV: 11    Int: 10    God:    Ignis [*****.]
Gold:   19         SH:  0    Dex:  5    Spells: 3/4 levels left

rFire   + . .      SeeInvis .   h - +2 short sword (drain)
rCold   . . .      Faith    .   (no shield)
rNeg    . . .      Spirit   .   b - +0 robe
rPois   .          Reflect  .   (helmet restricted)
rElec   .          Harm     .   (no cloak)
rCorr   .          Rampage  .   c - +0 pair of gloves
Will    .....                   (no boots)
Stlth   +.........              (no amulet)
HPRegen 0.11/turn               (no ring)
MPRegen 0.08/turn               (no ring)

@: no status effects
A: horns 2, retaliatory headbutt
a: Renounce Religion, Sea of Fire, Foxfire Swarm, Rising Flame


You were on level 2 of the Dungeon.
You worshipped Ignis.
Ignis was extremely pleased with you.
You visited 1 branch of the dungeon, and saw 2 of its levels.

You collected 19 gold pieces.

Inventory:

Hand Weapons
 a - a -1 hand axe of flaming
 h - a +2 short sword of draining (weapon)
Armour
 b - a +0 robe (worn)
 c - a +0 pair of gloves (worn)
Scrolls
 f - 2 scrolls of identify {unknown}
 g - a scroll of teleportation {unknown}
Potions
 d - a potion of brilliance {unknown}
 e - a potion of curing {unknown}


   Skills:
 + Level 4.4 Fighting
 * Level 0.1 Short Blades
 - Level 4.4 Axes
 - Level 1.0 Spellcasting
 - Level 0.6 Fire Magic


You had 3 spell levels left.
You knew the following spells:

 Your Spells              Type           Power      Damage    Failure   Level
p - Foxfire               Conj/Fire      4%         2x1d4     30%         1

Your spell library contained the following spells:

 Spells                   Type           Power      Damage    Failure   Level


Dungeon Overview and Level Annotations

Branches:
Dungeon (2/15)

Altars:


Innate Abilities, Weirdness & Mutations

You have a pair of horns on your head.
You reflexively headbutt those who attack you in melee.


Message History

* * * LOW HITPOINT WARNING * * *
You barely miss the orc.
The orc is severely wounded.
The orc hits you with a +0 club.
* * * LOW HITPOINT WARNING * * *
You puncture the orc!
You kill the orc!
You hear some strange, mumbled words.
You are confused.
You bump into the rock wall.
You hear some strange, mumbled words.
Something tries to affect you, but you resist.
Your magical contamination has completely faded away.
You bump into the rock wall.
An orc wizard appears from thin air!
Reactivating autopickup.
The orc wizard hits you with a +0 dagger.
* * * LOW HITPOINT WARNING * * *
You miss the orc wizard. Your headbutt misses the orc wizard.
The orc barely misses you.
The orc wizard hits you with a +0 dagger.
* * * LOW HITPOINT WARNING * * *
The orc closely misses you.
You hit the orc. You drain the orc.
The orc is severely wounded.
You feel less confused. The orc closely misses you.
The orc wizard mumbles some strange words.
The orc wizard flickers and vanishes!
Deactivating autopickup; reactivate with Ctrl-A.
The orc closely misses you. Something hits you but does no damage.
You hear some strange, mumbled words.
A magic dart appears from out of thin air!
The magic dart hits you.
* * * LOW HITPOINT WARNING * * *
There is a stone staircase leading up here.
Unknown command.
Something hits you.
You die...

##.### #.# #.# #+#
#.# #.# #.# #.##
#o#
#######..#########.
#.#
#..................
#.#
#.##.......########
##.## #.##.#.@.#.#
#...####.##.##{o#.#
##...........oo.#.#
#######.##.##.##.#
#.##.......#
#.......####
#########


You could see 3 orcs.

Vanquished Creatures
  A dart slug (D:1)
  2 orcs (D:2)
  3 ball pythons (D:1)
  2 endoplasms (D:1)
  A giant cockroach (D:1)
  3 hobgoblins
  2 quokkas (D:1)
  A frilled lizard (D:1)
  4 goblins (D:1)
  3 kobolds (D:1)
  3 rats (D:1)
25 creatures vanquished.

Vanquished Creatures (others)
  21 foxfires
21 creatures vanquished.

Grand Total: 46 creatures vanquished

Notes
Turn   | Place    | Note
-------+----------+-------------------------------------------
     0 | D:1      | lunkers the Minotaur Cinder Acolyte began the quest for the
                  | Orb.
     0 | D:1      | Reached XP level 1. HP: 19/19 MP: 1/1
   155 | D:1      | Reached XP level 2. HP: 23/27 MP: 0/2
   199 | D:1      | Found a faded altar of an unknown god.
  1151 | D:2      | Reached XP level 3. HP: 34/34 MP: 0/3
  1193 | D:2      | Slain by an orc wizard

Illustrated notes

Levels and vault maps discovered:
D:1:      noname_arrival_rooms_in_the_neighbourhood, layout_basic,
          shapermc_ecumenical_altar_rom_forum
D:2:      cheibrodos_pilgrimage, layout_loops_corners, minmay_close_crescents,
          uniq_terence

Skill      XL: |  1 |
---------------+----+-----
Fighting       | 4 |  4.4
Axes           | 4 |  4.4
Short Blades   | |  0.1
Spellcasting   | |  1.0
Fire Magic     | |  0.6

Action                   || total
-------------------------++-------
Melee: Hand axe          ||    42
       Headbutt          ||     4
       Short sword       ||     6
 Cast: Foxfire           ||    17
Armor: Robe              ||     9
Dodge: Dodged            ||    28

Table legend: (Time is in decaauts)
 A = Elapsed time spent in this place.
 B = Non-inter-level travel time spent in this place.
 C = Inter-level travel time spent in this place.
 D = Time resting spent in this place.
 E = Time spent auto-exploring this place.
 F = Levels seen in this place.
 G = Mean time per level.
                   A        B        C        D        E       F      G
               +--------+--------+--------+--------+--------+-----+--------+
         Total |   1196 |   1170 |     26 |      0 |    987 |   2 |  598.0 |
       Dungeon |   1196 |   1170 |     26 |      0 |    987 |   2 |  598.0 |
               +--------+--------+--------+--------+--------+-----+--------+

Top non-repeatable levels by time:
     D:1: 1069 daAuts
     D:2: 127 daAuts
